Pittsburgh Penguins vs Vancouver Canucks
Created - Friday, May 2, 2025 at 07:41
Goals
|
| Pittsburgh Penguins |
1 |
1 |
4 |
6 |
| Vancouver Canucks |
1 |
3 |
0 |
4 |
|
Shots
|
| Pittsburgh Penguins |
7 |
14 |
8 |
29 |
| Vancouver Canucks |
14 |
16 |
16 |
46 |
|
1st period
1. Pittsburgh Penguins , Mitchell Marner 27 (Blake Coleman 18) at 7:09
2. Vancouver Canucks , Connor Zary 22 (Anton Lundell 18, Miro Heiskanen 16) at 8:05
Penalties :
Mikko Rantanen (VAN) for Roughing (Minor) at 15:21, Blake Coleman (PIT) for Roughing (Minor) at 18:30
2nd period
3. Vancouver Canucks , Casey Mittelstadt 14 (Mikko Rantanen 28, Clayton Keller 31) at 2:37
4. Vancouver Canucks , Anton Lundell 6 (Mikko Rantanen 29, Clayton Keller 32) at 4:39 (PP)
5. Vancouver Canucks , Artturi Lehkonen 17 (Clayton Keller 33, Mikko Rantanen 30) at 5:31 (PP)
6. Pittsburgh Penguins , Erik Karlsson 6 (Mitchell Marner 51, Phillip Danault 25) at 15:49 (PP)
Penalties :
Mark Giordano (PIT) for Interference (Minor) at 4:12, Mattias Ekholm (PIT) for Holding (Minor) at 4:32, Ryan McDonagh (VAN) for Roughing (Minor) at 15:26, Blake Coleman (PIT) for Hooking (Minor) at 18:33
3rd period
7. Pittsburgh Penguins , James van Riemsdyk 11 (Gabriel Vilardi 17, Mark Giordano 16) at 2:30
8. Pittsburgh Penguins , Carson Soucy 1 (Phillip Danault 26, Mitchell Marner 52) at 3:38
9. Pittsburgh Penguins , Pavel Buchnevich 22 (Leon Draisaitl 52, Sam Reinhart 31) at 5:21
10. Pittsburgh Penguins , Erik Karlsson 7 (Mattias Ekholm 16) at 18:43 (SH) (Empty Net)
Penalties :
Clayton Keller (VAN) for Slashing (Minor) at 8:07, Mark Giordano (PIT) for Tripping (Minor) at 13:41, James van Riemsdyk (PIT) for Hooking (Minor) at 18:09
Goalie Stats
Marc-Andre Fleury (PIT), 42 saves from 46 shots - (0.913), W, 3-3-0, 60:00 minutes
Joonas Korpisalo (VAN), 23 saves from 28 shots - (0.821), L, 15-18-5, 59:50 minutes
Players Stats for Pittsburgh Penguins
Player Name G A P +/- PIM S H SB GA TA FO MP PP MP PK MP
------------------------------------------------------------------------------------
Adam Gaudette 0 0 0 0 0 0 0 1 0 0 3/8 12:00 0:00 0:00
Blake Coleman 0 1 1 1 4 1 3 0 1 0 1/1 15:58 2:14 0:00
Brock Faber 0 0 0 -1 0 0 0 3 0 2 0/0 22:32 2:11 4:28
Carson Soucy 1 0 1 2 0 4 2 6 0 0 0/0 13:46 0:00 0:00
Dylan Guenther 0 0 0 0 0 2 0 0 2 0 0/1 12:00 0:00 0:00
Erik Gudbranson 0 0 0 -1 0 1 2 1 0 1 0/0 23:31 2:11 5:27
Erik Karlsson 2 0 2 2 0 3 1 2 0 1 0/0 23:42 2:10 4:38
Gabriel Vilardi 0 1 1 1 0 0 0 0 0 0 1/5 7:19 0:00 0:00
Jake Neighbours 0 0 0 1 0 0 1 0 0 0 0/0 7:19 0:00 0:00
James van Riemsdyk 1 0 1 1 2 1 0 0 0 0 0/0 7:18 0:00 0:00
Jordan Eberle 0 0 0 0 0 0 1 1 0 0 0/0 12:00 0:00 0:00
Leon Draisaitl 0 1 1 0 0 2 1 0 1 0 12/29 20:16 2:07 4:32
Mark Giordano 0 1 1 2 4 0 0 0 0 0 0/0 13:45 0:00 0:00
Mattias Ekholm 0 1 1 2 2 0 2 0 0 1 0/0 22:42 2:10 3:38
Mitchell Marner 1 2 3 2 0 6 3 1 2 0 5/10 20:25 2:14 4:34
Pavel Buchnevich 1 0 1 1 0 5 3 0 0 0 0/1 20:08 2:07 4:34
Phillip Danault 0 2 2 1 0 2 1 0 0 0 8/15 15:51 2:14 0:00
Sam Reinhart 0 1 1 0 0 2 2 1 2 0 0/2 20:09 2:07 4:25
Players Stats for Vancouver Canucks
Player Name G A P +/- PIM S H SB GA TA FO MP PP MP PK MP
------------------------------------------------------------------------------------
Adam Boqvist 0 0 0 -1 0 1 2 2 0 1 0/0 12:34 0:00 0:00
Aku Raty 0 0 0 0 0 0 1 0 0 0 0/0 9:32 0:00 0:00
Aleksander Barkov 0 0 0 0 0 5 1 0 1 2 10/14 20:32 4:33 1:58
Anton Lundell 1 1 2 -1 0 5 2 0 1 1 6/10 15:32 4:33 0:00
Artturi Lehkonen 1 0 1 -1 0 4 3 0 0 0 2/3 20:44 4:54 2:15
Brett Leason 0 0 0 -1 0 2 0 0 0 1 2/3 10:01 0:00 2:03
Casey Mittelstadt 1 0 1 -1 0 2 0 1 0 0 19/34 19:40 4:12 0:00
Chad Ruhwedel 0 0 0 -2 0 1 0 1 0 2 0/0 15:56 0:00 1:52
Clayton Keller 0 3 3 -2 2 8 3 0 0 0 0/0 20:52 4:54 0:00
Connor Zary 1 0 1 0 0 5 2 0 1 0 0/0 13:51 4:12 0:00
Jacob Bernard-Docker 0 0 0 -2 0 1 0 2 0 0 0/0 15:36 0:00 1:52
Matias Maccelli 0 0 0 0 0 3 1 2 0 0 0/2 13:37 0:00 0:00
Mikko Rantanen 0 3 3 -2 2 3 2 1 0 0 3/6 22:30 4:54 0:22
Miro Heiskanen 0 1 1 1 0 1 3 1 1 0 0/0 23:20 4:33 0:00
Noah Hanifin 0 0 0 0 0 3 0 2 0 1 0/0 26:57 4:33 2:29
Robby Fabbri 0 0 0 -1 0 2 0 0 1 0 0/0 10:21 4:12 0:00
Ryan McDonagh 0 0 0 -1 2 0 0 0 0 0 0/0 15:03 0:00 2:29
Ty Dellandrea 0 0 0 -1 0 0 3 0 0 0 0/0 8:58 0:00 2:04
3 Stars
1 - Mitchell Marner (PIT)
2 - Erik Karlsson (PIT)
3 - Carson Soucy (PIT)
Power Play
Pittsburgh Penguins - 1 on 3 Attempt(s) - 33.33%
Vancouver Canucks - 2 on 6 Attempt(s) - 33.33%
Penalty Kill
Pittsburgh Penguins - 4 on 6 Attempt(s) - 66.67%
- Score 1 goal in Penalty Kill
Vancouver Canucks - 2 on 3 Attempt(s) - 66.67%
- Score 0 goal in Penalty Kill
Team Stat
Pittsburgh Penguins - Hits : 22 - Faceoff Wins : 30 - Blocked Shots : 16 - Penalty Minutes : 12
Vancouver Canucks - Hits : 23 - Faceoff Wins : 42 - Blocked Shots : 12 - Penalty Minutes : 6
Official
Referees : Trevor Hanson and Brandon Blandina
Linesman : Mitchell Hunt and Bryan Pancich
Game Notes
Erik Karlsson has scored in a empty net!
Finance
Level 1 -- Attendance: 4922 (82.03%) -- Ticket Income $487,278
Level 2 -- Attendance: 3392 (67.84%) -- Ticket Income $200,128
Level 3 -- Attendance: 2412 (80.40%) -- Ticket Income $82,008
Level 4 -- Attendance: 3908 (78.16%) -- Ticket Income $93,792
Luxury Box -- Attendance: 764 (76.40%) -- Ticket Income $152,036
Game was played at the Rogers Arena.
Total Attendance: 15398 (76.99%)
Total Ticket Income: $1,015,242
Other Income: $355,335
Total Income: $1,370,577
Pittsburgh Penguins
5 vs 5 Forward
Center Left Wing Right Wing Time % Phy DF OF
1 Leon Draisaitl Pavel Buchnevich Sam Reinhart 30 1 2 2
2 Phillip Danault Blake Coleman Mitchell Marner 30 1 2 2
3 Adam Gaudette Dylan Guenther Jordan Eberle 25 1 2 2
4 Gabriel Vilardi Jake Neighbours James van Riemsdyk 15 1 2 2
5 vs 5 Defense
Defense Defense Time % Phy DF OF
1 Mattias Ekholm Erik Karlsson 35 1 2 2
2 Erik Gudbranson Brock Faber 35 1 2 2
3 Mark Giordano Carson Soucy 30 1 2 2
4 Mattias Ekholm Erik Karlsson 0 1 2 2
PowerPlay Forward
Center Left Wing Right Wing Time % Phy DF OF
1 Leon Draisaitl Pavel Buchnevich Sam Reinhart 50 1 2 2
2 Phillip Danault Blake Coleman Mitchell Marner 50 1 2 2
PowerPlay Defense
Defense Defense Time % Phy DF OF
1 Mattias Ekholm Erik Karlsson 50 1 2 2
2 Erik Gudbranson Brock Faber 50 1 2 2
Penalty Kill 4 Players Forward
Center Wing Time % Phy DF OF
1 Leon Draisaitl Sam Reinhart 50 1 2 2
2 Mitchell Marner Pavel Buchnevich 50 1 2 2
Penalty Kill 4 Players Defense
Defense Defense Time % Phy DF OF
1 Mattias Ekholm Erik Karlsson 50 1 2 2
2 Erik Gudbranson Brock Faber 50 1 2 2
Penalty Kill - 3 Players Forward
Forward Time % Phy DF OF
1 Leon Draisaitl 50 1 2 2
2 Sam Reinhart 50 1 2 2
Penalty Kill - 3 Players Defense
Defense Defense Time % Phy DF OF
1 Mattias Ekholm Erik Karlsson 50 1 2 2
2 Erik Gudbranson Brock Faber 50 1 2 2
4 vs 4 Forward
Center Wing Time % Phy DF OF
1 Leon Draisaitl Sam Reinhart 50 1 2 2
2 Mitchell Marner Pavel Buchnevich 50 1 2 2
4 vs 4 Defense
Defense Defense Time % Phy DF OF
1 Mattias Ekholm Erik Karlsson 50 1 2 2
2 Erik Gudbranson Brock Faber 50 1 2 2
Last Minutes Offensive
Center Left Wing Right Wing Defense Defense
Leon Draisaitl Pavel Buchnevich Sam Reinhart Mattias Ekholm Erik Karlsson
Last Minutes Defensive
Center Left Wing Right Wing Defense Defense
Leon Draisaitl Pavel Buchnevich Sam Reinhart Mattias Ekholm Erik Karlsson
Goaltenders
Starting : Marc-Andre Fleury
Backup : Jordan Binnington
Extra Forwards
Normal : Jake Neighbours, Jordan Eberle, Sam Reinhart - PP : Jake Neighbours, Jordan Eberle - PK : Leon Draisaitl
Extra Defensemen
Normal : Mark Giordano, Mattias Ekholm, Erik Gudbranson - PP : Mark Giordano - PK : Erik Karlsson, Erik Gudbranson
Penalty Shots
Leon Draisaitl, Sam Reinhart, Mitchell Marner, Pavel Buchnevich, Blake Coleman
Scratches
Jean-Gabriel Pageau (Healthy), Brian Dumoulin (Healthy)
Vancouver Canucks
5 vs 5 Forward
Center Left Wing Right Wing Time % Phy DF OF
1 Casey Mittelstadt Clayton Keller Mikko Rantanen 40 1 1 3
2 Aleksander Barkov Matias Maccelli Artturi Lehkonen 30 1 2 2
3 Anton Lundell Connor Zary Aku Raty 20 1 2 2
4 Brett Leason Robby Fabbri Ty Dellandrea 10 1 3 1
5 vs 5 Defense
Defense Defense Time % Phy DF OF
1 Noah Hanifin Miro Heiskanen 30 1 2 2
2 Ryan McDonagh Adam Boqvist 30 1 2 2
3 Chad Ruhwedel Jacob Bernard-Docker 25 1 2 2
4 Noah Hanifin Miro Heiskanen 15 1 2 2
PowerPlay Forward
Center Left Wing Right Wing Time % Phy DF OF
1 Mikko Rantanen Clayton Keller Artturi Lehkonen 50 0 1 4
2 Casey Mittelstadt Connor Zary Robby Fabbri 50 0 1 4
PowerPlay Defense
Defense Defense Time % Phy DF OF
1 Aleksander Barkov Miro Heiskanen 50 0 1 4
2 Noah Hanifin Anton Lundell 50 0 1 4
Penalty Kill 4 Players Forward
Center Wing Time % Phy DF OF
1 Aleksander Barkov Brett Leason 50 1 2 2
2 Artturi Lehkonen Ty Dellandrea 50 1 2 2
Penalty Kill 4 Players Defense
Defense Defense Time % Phy DF OF
1 Ryan McDonagh Noah Hanifin 50 1 2 2
2 Jacob Bernard-Docker Chad Ruhwedel 50 1 2 2
Penalty Kill - 3 Players Forward
Forward Time % Phy DF OF
1 Brett Leason 50 1 2 2
2 Aleksander Barkov 50 1 2 2
Penalty Kill - 3 Players Defense
Defense Defense Time % Phy DF OF
1 Ryan McDonagh Noah Hanifin 50 1 2 2
2 Jacob Bernard-Docker Chad Ruhwedel 50 1 2 2
4 vs 4 Forward
Center Wing Time % Phy DF OF
1 Mikko Rantanen Clayton Keller 50 1 2 2
2 Casey Mittelstadt Matias Maccelli 50 1 2 2
4 vs 4 Defense
Defense Defense Time % Phy DF OF
1 Noah Hanifin Miro Heiskanen 50 1 2 2
2 Ryan McDonagh Adam Boqvist 50 1 2 2
Last Minutes Offensive
Center Left Wing Right Wing Defense Defense
Aleksander Barkov Clayton Keller Mikko Rantanen Noah Hanifin Miro Heiskanen
Last Minutes Defensive
Center Left Wing Right Wing Defense Defense
Aleksander Barkov Artturi Lehkonen Brett Leason Noah Hanifin Ryan McDonagh
Goaltenders
Starting : Joonas Korpisalo
Backup : Ville Husso
Extra Forwards
Normal : Brett Leason, Mikko Rantanen, Clayton Keller - PP : Clayton Keller, Mikko Rantanen - PK : Mikko Rantanen
Extra Defensemen
Normal : Noah Hanifin, Miro Heiskanen, Ryan McDonagh - PP : Noah Hanifin - PK : Noah Hanifin, Miro Heiskanen
Penalty Shots
Artturi Lehkonen, Mikko Rantanen, Clayton Keller, Brett Leason, Miro Heiskanen
Scratches
Jesperi Kotkaniemi (Healthy), Emil Martinsen Lilleberg (Healthy), Jacob Bryson (Healthy), Justus Annunen (Healthy)
% Time on Ice - Pittsburgh Penguins
Lines # - Real PCT - Wanted PCT - Time Play
Normal Forward
1 - 29% - 30% - 13:37
2 - 29% - 30% - 13:37
3 - 26% - 25% - 12:00
4 - 16% - 15% - 7:19
Normal Defense
1 - 34% - 35% - 15:42
2 - 34% - 35% - 15:53
3 - 30% - 30% - 13:46
4 - 3% - 0% - 1:12
PP Forward
1 - 49% - 50% - 2:07
2 - 51% - 50% - 2:14
PP Defense
1 - 50% - 50% - 2:10
2 - 50% - 50% - 2:11
PK Forward
1 - 49% - 50% - 4:25
2 - 51% - 50% - 4:34
PK Defense
1 - 50% - 50% - 4:31
2 - 50% - 50% - 4:28
PK3 Forward
1 - 100% - 50% - 0:07
2 - 0% - 50% - 0:00
PK3 Defense
1 - 100% - 50% - 0:07
2 - 0% - 50% - 0:00
44 Forward
1 - 0% - 50%
2 - 0% - 50%
44 Defense
1 - 0% - 50%
2 - 0% - 50%
Last Minute Offensive - 0:00
Last Minute Defensive - 0:00
Total
Forward - 60:00
Defense - 60:00
|
% Time on Ice - Vancouver Canucks
Lines # - Real PCT - Wanted PCT - Time Play
Normal Forward
1 - 37% - 40% - 17:02
2 - 30% - 30% - 13:57
3 - 20% - 20% - 9:32
4 - 13% - 10% - 6:02
Normal Defense
1 - 30% - 30% - 13:51
2 - 32% - 30% - 15:04
3 - 27% - 25% - 12:41
4 - 11% - 15% - 4:57
PP Forward
1 - 54% - 50% - 4:54
2 - 46% - 50% - 4:12
PP Defense
1 - 50% - 50% - 4:33
2 - 50% - 50% - 4:33
PK Forward
1 - 48% - 50% - 2:06
2 - 52% - 50% - 2:15
PK Defense
1 - 57% - 50% - 2:29
2 - 43% - 50% - 1:52
PK3 Forward
1 - 0% - 50%
2 - 0% - 50%
PK3 Defense
1 - 0% - 50%
2 - 0% - 50%
44 Forward
1 - 0% - 50%
2 - 0% - 50%
44 Defense
1 - 0% - 50%
2 - 0% - 50%
Last Minute Offensive - 0:00
Last Minute Defensive - 0:00
Total
Forward - 60:00
Defense - 60:00
|
Play-by-Play
1st period
0:01 of 1st period - Casey Mittelstadt wins face-off versus Leon Draisaitl in neutral zone.
0:13 of 1st period - Miro Heiskanen is hit by Sam Reinhart and loses puck.
0:26 of 1st period - Noah Hanifin is hit by Mattias Ekholm and loses puck.
1:39 of 1st period - Snap shot by Robby Fabbri.
1:39 of 1st period - Stopped by Marc-Andre Fleury without a rebound.
1:40 of 1st period - Casey Mittelstadt wins face-off versus Phillip Danault in Pittsburgh Penguins zone.
1:56 of 1st period - Slapshot by Carson Soucy.
1:56 of 1st period - Stopped by Joonas Korpisalo without a rebound.
1:57 of 1st period - Adam Gaudette wins face-off versus Aleksander Barkov in Vancouver Canucks zone.
2:31 of 1st period - Slapshot by Mitchell Marner.
2:31 of 1st period - Shot Misses the Net.
2:33 of 1st period - Slapshot by Mark Giordano.
2:33 of 1st period - Deflect By Blake Coleman.
2:33 of 1st period - Shot Misses the Net.
2:33 of 1st period - Puck is out of play.
2:34 of 1st period - Leon Draisaitl wins face-off versus Anton Lundell in Vancouver Canucks zone.
2:41 of 1st period - Snap shot by Leon Draisaitl.
2:41 of 1st period - Shot Blocked by Noah Hanifin.
3:01 of 1st period - Mattias Ekholm is hit by Mikko Rantanen and loses puck.
3:12 of 1st period - Wrist shot by Clayton Keller.
3:12 of 1st period - Deflect By Mikko Rantanen.
3:12 of 1st period - Shot Misses the Net.
3:12 of 1st period - Puck is out of play.
3:13 of 1st period - Aleksander Barkov wins face-off versus Dylan Guenther in Pittsburgh Penguins zone.
3:16 of 1st period - Slapshot by Artturi Lehkonen.
3:16 of 1st period - Shot Blocked by Brock Faber.
3:58 of 1st period - Jacob Bernard-Docker is hit by Carson Soucy and loses puck.
4:45 of 1st period - Snap shot by Aleksander Barkov.
4:45 of 1st period - Stopped by Marc-Andre Fleury with a rebound.
4:47 of 1st period - Slapshot by Ryan McDonagh.
4:47 of 1st period - Shot Misses the Net.
4:49 of 1st period - Snap shot by Matias Maccelli.
4:49 of 1st period - Stopped by Marc-Andre Fleury without a rebound.
4:50 of 1st period - Phillip Danault wins face-off versus Casey Mittelstadt in Pittsburgh Penguins zone.
5:09 of 1st period - Adam Boqvist is hit by Blake Coleman and loses puck.
6:12 of 1st period - Slapshot by Gabriel Vilardi.
6:12 of 1st period - Shot Misses the Net.
6:14 of 1st period - Slapshot by Erik Karlsson.
6:14 of 1st period - Shot Blocked by Noah Hanifin.
6:32 of 1st period - Wrist shot by Clayton Keller.
6:32 of 1st period - Stopped by Marc-Andre Fleury without a rebound.
6:33 of 1st period - Aleksander Barkov wins face-off versus Leon Draisaitl in Pittsburgh Penguins zone.
7:00 of 1st period - Mikko Rantanen is hit by Carson Soucy and loses puck.
7:05 of 1st period - Slapshot by Mitchell Marner.
7:05 of 1st period - Shot Misses the Net.
7:07 of 1st period - Snap shot by Blake Coleman.
7:07 of 1st period - Shot Misses the Net.
7:09 of 1st period - Wrist shot by Mitchell Marner.
7:09 of 1st period - Goal by Mitchell Marner - Pittsburgh Penguins : 1 - Vancouver Canucks : 0.
7:10 of 1st period - Casey Mittelstadt wins face-off versus Adam Gaudette in neutral zone.
8:05 of 1st period - Snap shot by Connor Zary.
8:05 of 1st period - Goal by Connor Zary - Pittsburgh Penguins : 1 - Vancouver Canucks : 1.
8:06 of 1st period - Casey Mittelstadt wins face-off versus Adam Gaudette in neutral zone.
8:13 of 1st period - Snap shot by Clayton Keller.
8:13 of 1st period - Shot Misses the Net.
8:31 of 1st period - Brock Faber is hit by Adam Boqvist and loses puck.
8:54 of 1st period - Wrist shot by Aleksander Barkov.
8:54 of 1st period - Stopped by Marc-Andre Fleury with a rebound.
9:42 of 1st period - Wrist shot by Clayton Keller.
9:42 of 1st period - Shot Blocked by Erik Karlsson.
9:44 of 1st period - Backhand shot by Noah Hanifin.
9:44 of 1st period - Stopped by Marc-Andre Fleury without a rebound.
9:45 of 1st period - Aleksander Barkov wins face-off versus Leon Draisaitl in Pittsburgh Penguins zone.
10:12 of 1st period - Jacob Bernard-Docker is hit by Mitchell Marner and loses puck.
10:17 of 1st period - Wrist shot by Mitchell Marner.
10:17 of 1st period - Stopped by Joonas Korpisalo with a rebound.
10:19 of 1st period - Slapshot by Phillip Danault.
10:19 of 1st period - Shot Blocked by Casey Mittelstadt.
10:21 of 1st period - Snap shot by Carson Soucy.
10:21 of 1st period - Stopped by Joonas Korpisalo without a rebound.
10:22 of 1st period - Anton Lundell wins face-off versus Adam Gaudette in Vancouver Canucks zone.
10:47 of 1st period - Dylan Guenther is hit by Aleksander Barkov and loses puck.
11:00 of 1st period - Snap shot by Aleksander Barkov.
11:00 of 1st period - Stopped by Marc-Andre Fleury with a rebound.
11:10 of 1st period - Clayton Keller is hit by Blake Coleman and loses puck.
11:43 of 1st period - Slapshot by Brett Leason.
11:43 of 1st period - Stopped by Marc-Andre Fleury without a rebound.
11:44 of 1st period - Anton Lundell wins face-off versus Leon Draisaitl in Pittsburgh Penguins zone.
12:57 of 1st period - Wrist shot by Dylan Guenther.
12:57 of 1st period - Shot Blocked by Jacob Bernard-Docker.
12:59 of 1st period - Snap shot by Adam Gaudette.
12:59 of 1st period - Shot Misses the Net.
13:01 of 1st period - Wrist shot by Adam Gaudette.
13:01 of 1st period - Deflect By Dylan Guenther.
13:01 of 1st period - Shot Misses the Net.
13:01 of 1st period - Puck is out of play.
13:02 of 1st period - Leon Draisaitl wins face-off versus Matias Maccelli in Vancouver Canucks zone.
13:03 of 1st period - Snap shot by Pavel Buchnevich.
13:03 of 1st period - Stopped by Joonas Korpisalo with a rebound.
13:14 of 1st period - Off-side.
13:15 of 1st period - Casey Mittelstadt wins face-off versus Phillip Danault in neutral zone.
14:06 of 1st period - Snap shot by Anton Lundell.
14:06 of 1st period - Stopped by Marc-Andre Fleury without a rebound.
14:07 of 1st period - Adam Gaudette wins face-off versus Anton Lundell in Pittsburgh Penguins zone.
14:31 of 1st period - Anton Lundell is hit by Jordan Eberle and loses puck.
15:04 of 1st period - Snap shot by Dylan Guenther.
15:04 of 1st period - Stopped by Joonas Korpisalo with a rebound.
15:06 of 1st period - Wrist shot by Adam Gaudette.
15:06 of 1st period - Shot Misses the Net.
15:08 of 1st period - Snap shot by Adam Gaudette.
15:08 of 1st period - Shot Misses the Net.
15:18 of 1st period - Snap shot by Jordan Eberle.
15:18 of 1st period - Deflect By Dylan Guenther.
15:18 of 1st period - Shot Blocked by Chad Ruhwedel.
15:18 of 1st period - Puck is out of play.
15:19 of 1st period - Casey Mittelstadt wins face-off versus Phillip Danault in Vancouver Canucks zone.
15:21 of 1st period - Minor Penalty to Mikko Rantanen for Roughing.
15:22 of 1st period - Aleksander Barkov wins face-off versus Leon Draisaitl in Vancouver Canucks zone.
15:38 of 1st period - Noah Hanifin is hit by Erik Gudbranson and loses puck.
15:51 of 1st period - Icing by Blake Coleman.
15:52 of 1st period - Phillip Danault wins face-off versus Aleksander Barkov in Pittsburgh Penguins zone.
16:49 of 1st period - Snap shot by Pavel Buchnevich.
16:49 of 1st period - Stopped by Joonas Korpisalo without a rebound.
16:50 of 1st period - Artturi Lehkonen wins face-off versus Leon Draisaitl in Vancouver Canucks zone.
17:21 of 1st period - Penalty to Mikko Rantanen is over, Mikko Rantanen is back on ice.
17:41 of 1st period - Snap shot by Mikko Rantanen.
17:41 of 1st period - Stopped by Marc-Andre Fleury with a rebound.
17:43 of 1st period - Slapshot by Brett Leason.
17:43 of 1st period - Shot Blocked by Jordan Eberle.
17:45 of 1st period - Wrist shot by Mikko Rantanen.
17:45 of 1st period - Shot Blocked by Carson Soucy.
17:47 of 1st period - Wrist shot by Mikko Rantanen.
17:47 of 1st period - Shot Misses the Net.
17:49 of 1st period - Slapshot by Mikko Rantanen.
17:49 of 1st period - Shot Blocked by Carson Soucy.
17:51 of 1st period - Slapshot by Chad Ruhwedel.
17:51 of 1st period - Shot Misses the Net.
17:53 of 1st period - Wrist shot by Aleksander Barkov.
17:53 of 1st period - Shot Misses the Net.
17:55 of 1st period - Wrist shot by Aleksander Barkov.
17:55 of 1st period - Shot Blocked by Carson Soucy.
17:57 of 1st period - Backhand shot by Brett Leason.
17:57 of 1st period - Shot Blocked by Carson Soucy.
18:17 of 1st period - Wrist shot by Mikko Rantanen.
18:17 of 1st period - Shot Blocked by Adam Gaudette.
18:19 of 1st period - Slapshot by Jacob Bernard-Docker.
18:19 of 1st period - Stopped by Marc-Andre Fleury with a rebound.
18:21 of 1st period - Slapshot by Jacob Bernard-Docker.
18:21 of 1st period - Deflect By Aleksander Barkov.
18:21 of 1st period - Stopped by Marc-Andre Fleury with a rebound.
18:23 of 1st period - Wrist shot by Brett Leason.
18:23 of 1st period - Stopped by Marc-Andre Fleury without a rebound.
18:24 of 1st period - Phillip Danault wins face-off versus Anton Lundell in Pittsburgh Penguins zone.
18:30 of 1st period - Minor Penalty to Blake Coleman for Roughing.
18:31 of 1st period - Leon Draisaitl wins face-off versus Casey Mittelstadt in Pittsburgh Penguins zone.
18:57 of 1st period - Noah Hanifin is hit by Mitchell Marner and loses puck.
19:06 of 1st period - Wrist shot by Pavel Buchnevich.
19:06 of 1st period - Shot Misses the Net.
Goals for this period are 1 for Pittsburgh Penguins vs 1 for Vancouver Canucks.
Shots for this period are 7 for Pittsburgh Penguins vs 14 for Vancouver Canucks.
2nd period
0:01 of 2nd period - Mikko Rantanen wins face-off versus Mitchell Marner in neutral zone.
0:15 of 2nd period - Slapshot by Pavel Buchnevich.
0:15 of 2nd period - Stopped by Joonas Korpisalo with a rebound.
0:17 of 2nd period - Slapshot by Erik Gudbranson.
0:17 of 2nd period - Deflect By Miro Heiskanen.
0:17 of 2nd period - Stopped by Joonas Korpisalo without a rebound.
0:18 of 2nd period - Casey Mittelstadt wins face-off versus Leon Draisaitl in Vancouver Canucks zone.
0:30 of 2nd period - Penalty to Blake Coleman is over, Blake Coleman is back on ice.
1:11 of 2nd period - Snap shot by Dylan Guenther.
1:11 of 2nd period - Deflect By Adam Gaudette.
1:11 of 2nd period - Shot Misses the Net.
1:11 of 2nd period - Puck is out of play.
1:12 of 2nd period - Phillip Danault wins face-off versus Casey Mittelstadt in Vancouver Canucks zone.
1:39 of 2nd period - Leon Draisaitl is hit by Ty Dellandrea and loses puck.
1:52 of 2nd period - Brett Leason is hit by Pavel Buchnevich and loses puck.
2:07 of 2nd period - Jacob Bernard-Docker is hit by Mattias Ekholm and loses puck.
2:27 of 2nd period - Off-side.
2:28 of 2nd period - Casey Mittelstadt wins face-off versus Phillip Danault in neutral zone.
2:37 of 2nd period - Slapshot by Casey Mittelstadt.
2:37 of 2nd period - Goal by Casey Mittelstadt - Pittsburgh Penguins : 1 - Vancouver Canucks : 2.
2:38 of 2nd period - Leon Draisaitl wins face-off versus Casey Mittelstadt in neutral zone.
2:41 of 2nd period - Casey Mittelstadt is hit by Pavel Buchnevich and loses puck.
3:19 of 2nd period - Matias Maccelli is hit by Blake Coleman and loses puck.
3:26 of 2nd period - Wrist shot by Matias Maccelli.
3:26 of 2nd period - Shot Blocked by Brock Faber.
3:28 of 2nd period - Wrist shot by Artturi Lehkonen.
3:28 of 2nd period - Stopped by Marc-Andre Fleury without a rebound.
3:29 of 2nd period - Gabriel Vilardi wins face-off versus Casey Mittelstadt in Pittsburgh Penguins zone.
4:12 of 2nd period - Minor Penalty to Mark Giordano for Interference.
4:13 of 2nd period - Mitchell Marner wins face-off versus Casey Mittelstadt in Pittsburgh Penguins zone.
4:27 of 2nd period - Wrist shot by Aleksander Barkov.
4:27 of 2nd period - Shot Misses the Net.
4:29 of 2nd period - Wrist shot by Connor Zary.
4:29 of 2nd period - Stopped by Marc-Andre Fleury without a rebound.
4:30 of 2nd period - Mitchell Marner wins face-off versus Mikko Rantanen in Pittsburgh Penguins zone.
4:32 of 2nd period - Minor Penalty to Mattias Ekholm for Holding.
4:33 of 2nd period - Mikko Rantanen wins face-off versus Leon Draisaitl in Pittsburgh Penguins zone.
4:35 of 2nd period - Snap shot by Clayton Keller.
4:35 of 2nd period - Shot Blocked by Erik Karlsson.
4:37 of 2nd period - Wrist shot by Mikko Rantanen.
4:37 of 2nd period - Shot Misses the Net.
4:39 of 2nd period - Snap shot by Anton Lundell.
4:39 of 2nd period - Deflect By Leon Draisaitl.
4:39 of 2nd period - Goal by Anton Lundell - Pittsburgh Penguins : 1 - Vancouver Canucks : 3.
4:40 of 2nd period - Artturi Lehkonen wins face-off versus Mitchell Marner in neutral zone.
5:05 of 2nd period - Mitchell Marner is hit by Miro Heiskanen and loses puck.
5:31 of 2nd period - Snap shot by Clayton Keller.
5:31 of 2nd period - Deflect By Artturi Lehkonen.
5:31 of 2nd period - Goal by Artturi Lehkonen - Pittsburgh Penguins : 1 - Vancouver Canucks : 4.
5:32 of 2nd period - Anton Lundell wins face-off versus Gabriel Vilardi in neutral zone.
5:59 of 2nd period - Icing by Robby Fabbri.
6:00 of 2nd period - Phillip Danault wins face-off versus Brett Leason in Vancouver Canucks zone.
6:15 of 2nd period - Mattias Ekholm is hit by Ty Dellandrea and loses puck.
6:24 of 2nd period - Wrist shot by Robby Fabbri.
6:24 of 2nd period - Stopped by Marc-Andre Fleury with a rebound.
6:26 of 2nd period - Slapshot by Miro Heiskanen.
6:26 of 2nd period - Shot Misses the Net.
6:28 of 2nd period - Snap shot by Noah Hanifin.
6:28 of 2nd period - Deflect By Robby Fabbri.
6:28 of 2nd period - Shot Hit the Post.
6:28 of 2nd period - Puck is out of play.
6:29 of 2nd period - Leon Draisaitl wins face-off versus Casey Mittelstadt in Pittsburgh Penguins zone.
6:29 of 2nd period - Leon Draisaitl is hit by Mikko Rantanen.
6:45 of 2nd period - Slapshot by Sam Reinhart.
6:45 of 2nd period - Stopped by Joonas Korpisalo with a rebound.
7:52 of 2nd period - Wrist shot by Leon Draisaitl.
7:52 of 2nd period - Stopped by Joonas Korpisalo with a rebound.
8:08 of 2nd period - Slapshot by Artturi Lehkonen.
8:08 of 2nd period - Deflect By Aleksander Barkov.
8:08 of 2nd period - Shot Misses the Net.
8:08 of 2nd period - Puck is out of play.
8:09 of 2nd period - Mitchell Marner wins face-off versus Aleksander Barkov in Pittsburgh Penguins zone.
8:18 of 2nd period - Carson Soucy is hit by Artturi Lehkonen and loses puck.
8:31 of 2nd period - Snap shot by Matias Maccelli.
8:31 of 2nd period - Shot Misses the Net.
8:33 of 2nd period - Wrist shot by Matias Maccelli.
8:33 of 2nd period - Shot Misses the Net.
9:03 of 2nd period - Snap shot by Artturi Lehkonen.
9:03 of 2nd period - Shot Misses the Net.
9:05 of 2nd period - Slapshot by Miro Heiskanen.
9:05 of 2nd period - Shot Blocked by Carson Soucy.
9:09 of 2nd period - Slapshot by Artturi Lehkonen.
9:09 of 2nd period - Shot Misses the Net.
9:11 of 2nd period - Snap shot by Noah Hanifin.
9:11 of 2nd period - Deflect By Artturi Lehkonen.
9:11 of 2nd period - Stopped by Marc-Andre Fleury without a rebound.
9:12 of 2nd period - Casey Mittelstadt wins face-off versus Sam Reinhart in Pittsburgh Penguins zone.
9:21 of 2nd period - Slapshot by Leon Draisaitl.
9:21 of 2nd period - Shot Misses the Net.
9:25 of 2nd period - Wrist shot by Leon Draisaitl.
9:25 of 2nd period - Stopped by Joonas Korpisalo with a rebound.
9:27 of 2nd period - Snap shot by Pavel Buchnevich.
9:27 of 2nd period - Shot Misses the Net.
9:29 of 2nd period - Snap shot by Leon Draisaitl.
9:29 of 2nd period - Shot Hit the Post.
9:39 of 2nd period - Jordan Eberle is hit by Connor Zary and loses puck.
9:51 of 2nd period - Off-side.
9:52 of 2nd period - Casey Mittelstadt wins face-off versus Gabriel Vilardi in neutral zone.
9:55 of 2nd period - Snap shot by Clayton Keller.
9:55 of 2nd period - Shot Misses the Net.
10:05 of 2nd period - Wrist shot by Gabriel Vilardi.
10:05 of 2nd period - Shot Blocked by Adam Boqvist.
10:07 of 2nd period - Snap shot by Gabriel Vilardi.
10:07 of 2nd period - Shot Misses the Net.
10:17 of 2nd period - Erik Gudbranson is hit by Anton Lundell and loses puck.
10:44 of 2nd period - Snap shot by Dylan Guenther.
10:44 of 2nd period - Shot Misses the Net.
10:46 of 2nd period - Wrist shot by Adam Gaudette.
10:46 of 2nd period - Shot Blocked by Miro Heiskanen.
10:48 of 2nd period - Slapshot by Mattias Ekholm.
10:48 of 2nd period - Shot Hit the Post.
11:12 of 2nd period - Casey Mittelstadt is hit by Mitchell Marner and loses puck.
11:28 of 2nd period - Slapshot by Noah Hanifin.
11:28 of 2nd period - Stopped by Marc-Andre Fleury without a rebound.
11:29 of 2nd period - Aleksander Barkov wins face-off versus Leon Draisaitl in Pittsburgh Penguins zone.
11:30 of 2nd period - Snap shot by Matias Maccelli.
11:30 of 2nd period - Deflect By Aleksander Barkov.
11:30 of 2nd period - Shot Blocked by Sam Reinhart.
11:30 of 2nd period - Puck is out of play.
11:31 of 2nd period - Aleksander Barkov wins face-off versus Leon Draisaitl in Pittsburgh Penguins zone.
11:38 of 2nd period - Slapshot by Artturi Lehkonen.
11:38 of 2nd period - Stopped by Marc-Andre Fleury with a rebound.
11:40 of 2nd period - Wrist shot by Ryan McDonagh.
11:40 of 2nd period - Shot Misses the Net.
11:42 of 2nd period - Slapshot by Adam Boqvist.
11:42 of 2nd period - Shot Misses the Net.
11:48 of 2nd period - Snap shot by Matias Maccelli.
11:48 of 2nd period - Stopped by Marc-Andre Fleury without a rebound.
11:49 of 2nd period - Phillip Danault wins face-off versus Casey Mittelstadt in Pittsburgh Penguins zone.
12:13 of 2nd period - Icing by Blake Coleman.
12:14 of 2nd period - Aleksander Barkov wins face-off versus Leon Draisaitl in Pittsburgh Penguins zone.
12:43 of 2nd period - Slapshot by Mitchell Marner.
12:43 of 2nd period - Shot Misses the Net.
12:45 of 2nd period - Snap shot by Mitchell Marner.
12:45 of 2nd period - Stopped by Joonas Korpisalo with a rebound.
12:47 of 2nd period - Slapshot by Erik Gudbranson.
12:47 of 2nd period - Shot Misses the Net.
12:49 of 2nd period - Slapshot by Erik Gudbranson.
12:49 of 2nd period - Deflect By Phillip Danault.
12:49 of 2nd period - Shot Blocked by Mikko Rantanen.
12:49 of 2nd period - Puck is out of play.
12:50 of 2nd period - Adam Gaudette wins face-off versus Casey Mittelstadt in Vancouver Canucks zone.
13:36 of 2nd period - Off-side.
13:37 of 2nd period - Anton Lundell wins face-off versus Phillip Danault in neutral zone.
13:40 of 2nd period - Phillip Danault is hit by Anton Lundell and loses puck.
13:45 of 2nd period - Wrist shot by Anton Lundell.
13:45 of 2nd period - Stopped by Marc-Andre Fleury without a rebound.
13:46 of 2nd period - Leon Draisaitl wins face-off versus Casey Mittelstadt in Pittsburgh Penguins zone.
13:46 of 2nd period - Leon Draisaitl is hit by Clayton Keller.
13:52 of 2nd period - Slapshot by Mikko Rantanen.
13:52 of 2nd period - Shot Misses the Net.
13:54 of 2nd period - Wrist shot by Noah Hanifin.
13:54 of 2nd period - Shot Misses the Net.
13:56 of 2nd period - Snap shot by Clayton Keller.
13:56 of 2nd period - Stopped by Marc-Andre Fleury with a rebound.
13:58 of 2nd period - Wrist shot by Mikko Rantanen.
13:58 of 2nd period - Stopped by Marc-Andre Fleury with a rebound.
14:00 of 2nd period - Slapshot by Casey Mittelstadt.
14:00 of 2nd period - Stopped by Marc-Andre Fleury without a rebound.
14:01 of 2nd period - Casey Mittelstadt wins face-off versus Phillip Danault in Pittsburgh Penguins zone.
15:10 of 2nd period - Wrist shot by Mikko Rantanen.
15:10 of 2nd period - Stopped by Marc-Andre Fleury with a rebound.
15:12 of 2nd period - Slapshot by Chad Ruhwedel.
15:12 of 2nd period - Deflect By Erik Gudbranson.
15:12 of 2nd period - Stopped by Marc-Andre Fleury with a rebound.
15:26 of 2nd period - Minor Penalty to Ryan McDonagh for Roughing.
15:27 of 2nd period - Brett Leason wins face-off versus Leon Draisaitl in Vancouver Canucks zone.
15:27 of 2nd period - Brett Leason is hit by Erik Gudbranson.
15:41 of 2nd period - Snap shot by Sam Reinhart.
15:41 of 2nd period - Deflect By Pavel Buchnevich.
15:41 of 2nd period - Shot Misses the Net.
15:41 of 2nd period - Puck is out of play.
15:42 of 2nd period - Phillip Danault wins face-off versus Artturi Lehkonen in Vancouver Canucks zone.
15:45 of 2nd period - Snap shot by Phillip Danault.
15:45 of 2nd period - Stopped by Joonas Korpisalo with a rebound.
15:47 of 2nd period - Snap shot by Phillip Danault.
15:47 of 2nd period - Deflect By Mitchell Marner.
15:47 of 2nd period - Stopped by Joonas Korpisalo with a rebound.
15:49 of 2nd period - Slapshot by Erik Karlsson.
15:49 of 2nd period - Goal by Erik Karlsson - Pittsburgh Penguins : 2 - Vancouver Canucks : 4.
15:50 of 2nd period - Casey Mittelstadt wins face-off versus Pavel Buchnevich in neutral zone.
16:05 of 2nd period - Snap shot by Sam Reinhart.
16:05 of 2nd period - Stopped by Joonas Korpisalo with a rebound.
16:07 of 2nd period - Wrist shot by Pavel Buchnevich.
16:07 of 2nd period - Stopped by Joonas Korpisalo with a rebound.
16:17 of 2nd period - Mitchell Marner is hit by Artturi Lehkonen and loses puck.
16:40 of 2nd period - Jordan Eberle is hit by Miro Heiskanen and loses puck.
17:23 of 2nd period - Wrist shot by Blake Coleman.
17:23 of 2nd period - Stopped by Joonas Korpisalo with a rebound.
17:25 of 2nd period - Slapshot by Carson Soucy.
17:25 of 2nd period - Stopped by Joonas Korpisalo with a rebound.
17:27 of 2nd period - Wrist shot by Phillip Danault.
17:27 of 2nd period - Shot Blocked by Adam Boqvist.
17:31 of 2nd period - Wrist shot by Mitchell Marner.
17:31 of 2nd period - Stopped by Joonas Korpisalo with a rebound.
17:46 of 2nd period - Off-side.
17:47 of 2nd period - Leon Draisaitl wins face-off versus Mikko Rantanen in neutral zone.
18:33 of 2nd period - Minor Penalty to Blake Coleman for Hooking.
18:34 of 2nd period - Casey Mittelstadt wins face-off versus Leon Draisaitl in Pittsburgh Penguins zone.
19:29 of 2nd period - Sam Reinhart is hit by Connor Zary and loses puck.
Goals for this period are 1 for Pittsburgh Penguins vs 3 for Vancouver Canucks.
Shots for this period are 14 for Pittsburgh Penguins vs 16 for Vancouver Canucks.
3rd period
0:01 of 3rd period - Leon Draisaitl wins face-off versus Casey Mittelstadt in neutral zone.
0:33 of 3rd period - Penalty to Blake Coleman is over, Blake Coleman is back on ice.
0:44 of 3rd period - Dylan Guenther is hit by Clayton Keller and loses puck.
0:57 of 3rd period - Slapshot by Clayton Keller.
0:57 of 3rd period - Shot Misses the Net.
0:59 of 3rd period - Snap shot by Clayton Keller.
0:59 of 3rd period - Stopped by Marc-Andre Fleury with a rebound.
1:07 of 3rd period - Snap shot by Clayton Keller.
1:07 of 3rd period - Stopped by Marc-Andre Fleury with a rebound.
1:09 of 3rd period - Slapshot by Mikko Rantanen.
1:09 of 3rd period - Deflect By Adam Gaudette.
1:09 of 3rd period - Shot Misses the Net.
1:09 of 3rd period - Puck is out of play.
1:10 of 3rd period - Brett Leason wins face-off versus Leon Draisaitl in Pittsburgh Penguins zone.
1:40 of 3rd period - Slapshot by Mitchell Marner.
1:40 of 3rd period - Shot Blocked by Matias Maccelli.
1:42 of 3rd period - Slapshot by Phillip Danault.
1:42 of 3rd period - Shot Misses the Net.
1:44 of 3rd period - Slapshot by Phillip Danault.
1:44 of 3rd period - Stopped by Joonas Korpisalo without a rebound.
1:45 of 3rd period - Blake Coleman wins face-off versus Casey Mittelstadt in Vancouver Canucks zone.
1:56 of 3rd period - Wrist shot by Mikko Rantanen.
1:56 of 3rd period - Shot Misses the Net.
2:09 of 3rd period - Brett Leason is hit by Pavel Buchnevich and loses puck.
2:28 of 3rd period - Wrist shot by Gabriel Vilardi.
2:28 of 3rd period - Shot Misses the Net.
2:30 of 3rd period - Slapshot by James van Riemsdyk.
2:30 of 3rd period - Goal by James van Riemsdyk - Pittsburgh Penguins : 3 - Vancouver Canucks : 4.
2:31 of 3rd period - Casey Mittelstadt wins face-off versus Mitchell Marner in neutral zone.
2:44 of 3rd period - Snap shot by Clayton Keller.
2:44 of 3rd period - Shot Misses the Net.
2:46 of 3rd period - Slapshot by Noah Hanifin.
2:46 of 3rd period - Deflect By Mikko Rantanen.
2:46 of 3rd period - Shot Blocked by Erik Gudbranson.
2:46 of 3rd period - Puck is out of play.
2:47 of 3rd period - Leon Draisaitl wins face-off versus Aleksander Barkov in Pittsburgh Penguins zone.
3:36 of 3rd period - Wrist shot by Phillip Danault.
3:36 of 3rd period - Shot Misses the Net.
3:38 of 3rd period - Slapshot by Carson Soucy.
3:38 of 3rd period - Deflect By Anton Lundell.
3:38 of 3rd period - Goal by Carson Soucy - Pittsburgh Penguins : 4 - Vancouver Canucks : 4.
3:39 of 3rd period - Mitchell Marner wins face-off versus Casey Mittelstadt in neutral zone.
3:54 of 3rd period - Slapshot by Clayton Keller.
3:54 of 3rd period - Stopped by Marc-Andre Fleury with a rebound.
3:56 of 3rd period - Snap shot by Clayton Keller.
3:56 of 3rd period - Shot Misses the Net.
4:10 of 3rd period - Snap shot by Matias Maccelli.
4:10 of 3rd period - Stopped by Marc-Andre Fleury without a rebound.
4:11 of 3rd period - Leon Draisaitl wins face-off versus Matias Maccelli in Pittsburgh Penguins zone.
4:11 of 3rd period - Leon Draisaitl is hit by Artturi Lehkonen.
4:49 of 3rd period - Snap shot by Artturi Lehkonen.
4:49 of 3rd period - Deflect By Aleksander Barkov.
4:49 of 3rd period - Stopped by Marc-Andre Fleury without a rebound.
4:50 of 3rd period - Casey Mittelstadt wins face-off versus Adam Gaudette in Pittsburgh Penguins zone.
4:53 of 3rd period - Slapshot by Clayton Keller.
4:53 of 3rd period - Shot Misses the Net.
4:55 of 3rd period - Snap shot by Clayton Keller.
4:55 of 3rd period - Shot Misses the Net.
5:03 of 3rd period - Snap shot by Clayton Keller.
5:03 of 3rd period - Stopped by Marc-Andre Fleury without a rebound.
5:04 of 3rd period - Leon Draisaitl wins face-off versus Casey Mittelstadt in Pittsburgh Penguins zone.
5:11 of 3rd period - Snap shot by Leon Draisaitl.
5:11 of 3rd period - Shot Misses the Net.
5:21 of 3rd period - Snap shot by Pavel Buchnevich.
5:21 of 3rd period - Goal by Pavel Buchnevich - Pittsburgh Penguins : 5 - Vancouver Canucks : 4.
5:22 of 3rd period - Casey Mittelstadt wins face-off versus Adam Gaudette in neutral zone.
5:31 of 3rd period - Wrist shot by Clayton Keller.
5:31 of 3rd period - Stopped by Marc-Andre Fleury with a rebound.
5:33 of 3rd period - Backhand shot by Clayton Keller.
5:33 of 3rd period - Stopped by Marc-Andre Fleury without a rebound.
5:34 of 3rd period - Casey Mittelstadt wins face-off versus Phillip Danault in Pittsburgh Penguins zone.
6:07 of 3rd period - Slapshot by Erik Karlsson.
6:07 of 3rd period - Stopped by Joonas Korpisalo without a rebound.
6:08 of 3rd period - Aleksander Barkov wins face-off versus Leon Draisaitl in Vancouver Canucks zone.
6:08 of 3rd period - Aleksander Barkov is hit by Erik Karlsson.
6:57 of 3rd period - Off-side.
6:58 of 3rd period - Phillip Danault wins face-off versus Anton Lundell in neutral zone.
7:23 of 3rd period - Wrist shot by Aleksander Barkov.
7:23 of 3rd period - Deflect By Artturi Lehkonen.
7:23 of 3rd period - Shot Blocked by Carson Soucy.
7:23 of 3rd period - Puck is out of play.
7:24 of 3rd period - Aleksander Barkov wins face-off versus Leon Draisaitl in Pittsburgh Penguins zone.
7:57 of 3rd period - Snap shot by Gabriel Vilardi.
7:57 of 3rd period - Shot Blocked by Jacob Bernard-Docker.
8:07 of 3rd period - Minor Penalty to Clayton Keller for Slashing.
8:08 of 3rd period - Aleksander Barkov wins face-off versus Mitchell Marner in Vancouver Canucks zone.
8:35 of 3rd period - Ty Dellandrea is hit by Sam Reinhart.
10:07 of 3rd period - Penalty to Clayton Keller is over, Clayton Keller is back on ice.
10:26 of 3rd period - Carson Soucy is hit by Clayton Keller and loses puck.
10:58 of 3rd period - Connor Zary is hit by Jake Neighbours and loses puck.
11:29 of 3rd period - Jacob Bernard-Docker is hit by Phillip Danault and loses puck.
12:10 of 3rd period - James van Riemsdyk is hit by Aku Raty and loses puck.
12:46 of 3rd period - Pavel Buchnevich is hit by Ty Dellandrea and loses puck.
13:41 of 3rd period - Minor Penalty to Mark Giordano for Tripping.
13:42 of 3rd period - Leon Draisaitl wins face-off versus Casey Mittelstadt in Pittsburgh Penguins zone.
13:53 of 3rd period - Slapshot by Aleksander Barkov.
13:53 of 3rd period - Shot Blocked by Mitchell Marner.
15:41 of 3rd period - Penalty to Mark Giordano is over, Mark Giordano is back on ice.
15:47 of 3rd period - Jordan Eberle is hit by Matias Maccelli and loses puck.
15:56 of 3rd period - Slapshot by Adam Boqvist.
15:56 of 3rd period - Stopped by Marc-Andre Fleury with a rebound.
16:04 of 3rd period - Mark Giordano is hit by Adam Boqvist and loses puck.
16:28 of 3rd period - Slapshot by Jordan Eberle.
16:28 of 3rd period - Shot Blocked by Matias Maccelli.
16:30 of 3rd period - Snap shot by Dylan Guenther.
16:30 of 3rd period - Shot Misses the Net.
16:32 of 3rd period - Slapshot by Carson Soucy.
16:32 of 3rd period - Deflect By Dylan Guenther.
16:32 of 3rd period - Stopped by Joonas Korpisalo without a rebound.
16:33 of 3rd period - Anton Lundell wins face-off versus Gabriel Vilardi in Vancouver Canucks zone.
17:00 of 3rd period - Jacob Bernard-Docker is hit by Leon Draisaitl and loses puck.
17:23 of 3rd period - Slapshot by Mitchell Marner.
17:23 of 3rd period - Stopped by Joonas Korpisalo with a rebound.
17:47 of 3rd period - Slapshot by Miro Heiskanen.
17:47 of 3rd period - Deflect By Anton Lundell.
17:47 of 3rd period - Shot Misses the Net.
17:47 of 3rd period - Puck is out of play.
17:48 of 3rd period - Anton Lundell wins face-off versus Gabriel Vilardi in Pittsburgh Penguins zone.
17:55 of 3rd period - Wrist shot by Anton Lundell.
17:55 of 3rd period - Stopped by Marc-Andre Fleury with a rebound.
17:59 of 3rd period - Slapshot by Anton Lundell.
17:59 of 3rd period - Stopped by Marc-Andre Fleury with a rebound.
18:01 of 3rd period - Wrist shot by Connor Zary.
18:01 of 3rd period - Stopped by Marc-Andre Fleury with a rebound.
18:03 of 3rd period - Slapshot by Adam Boqvist.
18:03 of 3rd period - Deflect By Connor Zary.
18:03 of 3rd period - Stopped by Marc-Andre Fleury with a rebound.
18:09 of 3rd period - Minor Penalty to James van Riemsdyk for Hooking.
18:10 of 3rd period - Casey Mittelstadt wins face-off versus Sam Reinhart in Pittsburgh Penguins zone.
18:23 of 3rd period - Wrist shot by Connor Zary.
18:23 of 3rd period - Stopped by Marc-Andre Fleury without a rebound.
18:24 of 3rd period - Mitchell Marner wins face-off versus Mikko Rantanen in Pittsburgh Penguins zone.
18:33 of 3rd period - Vancouver Canucks, Joonas Korpisalo is pulled from the net.
18:33 of 3rd period - Slapshot by Noah Hanifin.
18:33 of 3rd period - Stopped by Marc-Andre Fleury without a rebound.
18:34 of 3rd period - Mikko Rantanen wins face-off versus Mitchell Marner in Pittsburgh Penguins zone.
18:43 of 3rd period - Slapshot by Erik Karlsson.
18:43 of 3rd period - Goal by Erik Karlsson - Pittsburgh Penguins : 6 - Vancouver Canucks : 4.
18:43 of 3rd period - Joonas Korpisalo from Vancouver Canucks was sent back in the game.
18:44 of 3rd period - Casey Mittelstadt wins face-off versus Leon Draisaitl in neutral zone.
18:47 of 3rd period - Snap shot by Miro Heiskanen.
18:47 of 3rd period - Shot Blocked by Brock Faber.
18:49 of 3rd period - Slapshot by Miro Heiskanen.
18:49 of 3rd period - Stopped by Marc-Andre Fleury with a rebound.
18:51 of 3rd period - Slapshot by Miro Heiskanen.
18:51 of 3rd period - Shot Misses the Net.
19:09 of 3rd period - Pavel Buchnevich is hit by Miro Heiskanen and loses puck.
Goals for this period are 4 for Pittsburgh Penguins vs 0 for Vancouver Canucks.
Shots for this period are 8 for Pittsburgh Penguins vs 16 for Vancouver Canucks.
Back to the Top